2568 views
Uploaded 2021-02-23 06:56:52
Game version 1.32.9
50:31 long 1on1 ladder game on (2)EchoIsles
Saved by xzz
2568 views
Uploaded 2021-02-23 06:56:52
Game version 1.32.9
50:31 long 1on1 ladder game on (2)EchoIsles

49 units @ 8.9k
/ 1.6k
22 buildings @ 3.5k
/ 1.6k


| Rod of Necromancy | 1 | 150 |
| Orb of Corruption | 1 | 375 |
| Potion of Healing | 2 | 300 |
| Potion of Mana | 2 | 400 |
| Scroll of Town Portal | 2 | 700 |
| Scroll of Healing | 1 | 250 |
| Potion of Lesser Invulnerability | 1 | 150 |
| Scroll of Protection | 1 | 150 |
| total: | 11 | 2475g |
| Acolyte | 14 | 1050 | / | 0 |
| Ghoul | 4 | 480 | / | 0 |
| Crypt Fiend | 17 | 3655 | / | 680 |
| Obsidian Statue | 6 | 1200 | / | 210 |
| Banshee | 1 | 155 | / | 30 |
| Gargoyle | 1 | 175 | / | 30 |
| Abomination | 1 | 240 | / | 70 |
| Frost Wyrm | 5 | 1925 | / | 600 |
| total: | 49 | 8880g | / | 1620w |
| Nerubian Tower | 1 | 100 | / | 20 |
| Spirit Tower | 2 | 290 | / | 80 |
| Altar of Darkness | 1 | 180 | / | 50 |
| Crypt | 2 | 400 | / | 100 |
| Ziggurat | 10 | 1500 | / | 500 |
| Tomb of Relics | 1 | 130 | / | 30 |
| Graveyard | 1 | 215 | / | 0 |
| Necropolis | 1 | 225 | / | 0 |
| Slaughterhouse | 2 | 280 | / | 270 |
| Temple of the Damned | 1 | 155 | / | 140 |
| Sacrificial Pit | 1 | 75 | / | 150 |
| Boneyard | 2 | 350 | / | 400 |
| Halls of the Dead | 1 | 320 | / | 210 |
| Black Citadel | 1 | 325 | / | 230 |
| total: | 22 | 3510g | / | 1640w |
| 0:02 | Acolyte |
| 0:02 | Acolyte |
| 0:10 | Altar of Darkness |
| 0:12 | Crypt |
| 0:34 | Ziggurat |
| 0:53 | Tomb of Relics |
| 1:14 | Ghoul |
| 1:19 | Ziggurat |
| 1:35 | Ghoul |
| 1:48 | Acolyte |
| 2:07 | Graveyard |
| 2:23 | Rod of Necromancy |
| 2:28 | Death Coil |
| 2:47 | Halls of the Dead |
| 3:32 | Crypt Fiend |
| 3:32 | Crypt Fiend |
| 4:03 | Crypt Fiend |
| 4:43 | Crypt Fiend |
| 4:54 | Ziggurat |
| 5:11 | Slaughterhouse |
| 5:17 | Burrow |
| 5:50 | Black Citadel |
| 5:57 | Unholy Aura |
| 6:06 | Creature Attack |
| 6:36 | Obsidian Statue |
| 6:56 | Ziggurat |
| 6:58 | Ziggurat |
| 7:19 | Crypt Fiend |
| 7:49 | Death Coil |
| 8:05 | Frost Nova |
| 8:11 | Necropolis |
| 8:35 | Temple of the Damned |
| 8:54 | Frost Armor |
| 9:04 | Crypt Fiend |
| 9:09 | Orb of Corruption |
| 9:17 | Destroyer Form |
| 9:21 | Acolyte |
| 9:22 | Acolyte |
| 9:51 | Banshee |
| 10:08 | Ziggurat |
| 10:09 | Acolyte |
| 10:09 | Acolyte |
| 10:17 | Obsidian Statue |
| 10:43 | Crypt Fiend |
| 10:51 | Acolyte |
| 10:51 | Acolyte |
| 10:54 | Ziggurat |
| 11:10 | Nerubian Tower |
| 12:03 | Frost Nova |
| 12:32 | Scroll of Town Portal |
| 12:32 | Scroll of Healing |
| 12:35 | Disease Cloud |
| 12:36 | Unholy Aura |
| 12:49 | Slaughterhouse |
| 12:53 | Improved Creature Attack |
| 12:53 | Creature Carapace |
| 12:57 | Spirit Tower |
| 14:04 | Gargoyle |
| 14:15 | Abomination |
| 15:58 | Crypt Fiend |
| 15:58 | Crypt Fiend |
| 16:00 | Advanced Creature Attack |
| 16:01 | Obsidian Statue |
| 16:37 | Sacrificial Pit |
| 16:57 | Crypt Fiend |
| 17:41 | Ghoul |
| 17:41 | Ghoul |
| 18:28 | Web |
| 18:44 | Crypt |
| 18:46 | Boneyard |
| 19:11 | Ziggurat |
| 19:36 | Crypt Fiend |
| 19:36 | Crypt Fiend |
| 19:47 | Obsidian Statue |
| 19:51 | Boneyard |
| 20:20 | Spirit Tower |
| 20:40 | Frost Wyrm |
| 21:12 | Acolyte |
| 21:12 | Acolyte |
| 21:12 | Acolyte |
| 21:12 | Acolyte |
| 21:49 | Frost Wyrm |
| 22:02 | Obsidian Statue |
| 22:11 | Crypt Fiend |
| 22:12 | Crypt Fiend |
| 22:22 | Potion of Lesser Invulnerability |
| 22:25 | Scroll of Protection |
| 22:55 | Death Coil |
| 22:57 | Frost Armor |
| 24:23 | Obsidian Statue |
| 24:25 | Frost Wyrm |
| 24:33 | Potion of Healing |
| 24:33 | Potion of Mana |
| 24:35 | Scroll of Town Portal |
| 24:39 | Potion of Healing |
| 24:40 | Potion of Mana |
| 24:46 | Crypt Fiend |
| 24:46 | Crypt Fiend |
| 24:49 | Frost Wyrm |
| 25:25 | Ziggurat |
| 25:27 | Ziggurat |
| 27:39 | Animate Dead |
| 27:42 | Crypt Fiend |
| 27:42 | Frost Wyrm |
| 27:48 | Acolyte |
| Right click | 1596 |
| Select group | 1248 |
| Select | 452 |
| Misc. action | 421 |
| Assign group | 122 |
| Build/train/purchase | 105 |
| Use ability | 46 |
| Chat | 28 |
| Item give/drop | 5 |
| Remove unit | 1 |
58 units @ 5.9k
/ 1k
72 buildings @ 4.5k
/ 2.3k

| Scroll of Regeneration | 8 | 800 |
| Lesser Clarity Potion | 8 | 560 |
| Potion of Mana | 9 | 1800 |
| Potion of Healing | 8 | 1200 |
| Orb of Fire | 1 | 325 |
| Scroll of Healing | 1 | 250 |
| Scroll of Town Portal | 1 | 350 |
| Boots of Speed | 1 | 250 |
| Staff of Teleportation | 1 | 150 |
| Potion of Invisibility | 5 | 500 |
| Potion of Lesser Invulnerability | 4 | 600 |
| Potion of Invulnerability | 1 | 400 |
| Ring of Protection +4 | 1 | 300 |
| Ring of Protection +3 | 1 | 125 |
| total: | 50 | 7610g |
| Peasant | 30 | 2250 | / | 0 |
| Footman | 5 | 675 | / | 0 |
| Mortar Team | 8 | 1440 | / | 560 |
| Flying Machine | 14 | 1400 | / | 420 |
| Sorceress | 1 | 155 | / | 20 |
| total: | 58 | 5920g | / | 1000w |
| Scout Tower | 48 | 1440 | / | 960 |
| Arcane Tower | 8 | 560 | / | 400 |
| Guard Tower | 10 | 700 | / | 500 |
| Altar of Kings | 1 | 180 | / | 50 |
| Farm | 8 | 640 | / | 160 |
| Barracks | 1 | 160 | / | 60 |
| Lumber Mill | 1 | 120 | / | 0 |
| Arcane Vault | 7 | 910 | / | 210 |
| Blacksmith | 1 | 140 | / | 60 |
| Town Hall | 1 | 385 | / | 205 |
| Cannon Tower | 9 | 1080 | / | 900 |
| Workshop | 3 | 420 | / | 420 |
| Arcane Sanctum | 1 | 150 | / | 140 |
| Keep | 1 | 320 | / | 210 |
| Castle | 1 | 360 | / | 210 |
| total: | 72 | 4545g | / | 2265w |
| 0:04 | Peasant |
| 0:04 | Peasant |
| 0:10 | Altar of Kings |
| 0:12 | Farm |
| 0:35 | Peasant |
| 0:48 | Peasant |
| 0:58 | Barracks |
| 1:07 | Peasant |
| 1:11 | Farm |
| 1:17 | Farm |
| 1:18 | Peasant |
| 1:27 | Peasant |
| 1:31 | Lumber Mill |
| 1:37 | Peasant |
| 1:55 | Scout Tower |
| 1:58 | Peasant |
| 2:03 | Farm |
| 2:06 | Footman |
| 2:12 | Arcane Vault |
| 2:22 | Peasant |
| 2:34 | Holy Light |
| 2:39 | Footman |
| 3:02 | Arcane Tower |
| 3:04 | Footman |
| 3:40 | Keep |
| 4:26 | Footman |
| 4:49 | Blacksmith |
| 4:57 | Scroll of Regeneration |
| 4:57 | Lesser Clarity Potion |
| 4:57 | Lesser Clarity Potion |
| 5:04 | Scout Tower |
| 5:07 | Scout Tower |
| 5:11 | Scout Tower |
| 5:13 | Scout Tower |
| 5:15 | Scroll of Regeneration |
| 5:18 | Footman |
| 5:33 | Guard Tower |
| 6:07 | Divine Shield |
| 6:12 | Scout Tower |
| 6:12 | Scout Tower |
| 6:12 | Scout Tower |
| 6:13 | Scout Tower |
| 6:25 | Workshop |
| 6:28 | Peasant |
| 6:28 | Peasant |
| 6:28 | Peasant |
| 6:29 | Improved Lumber Harvesting |
| 6:40 | Guard Tower |
| 6:49 | Guard Tower |
| 6:53 | Peasant |
| 7:09 | Farm |
| 7:12 | Guard Tower |
| 7:32 | Peasant |
| 7:32 | Peasant |
| 7:38 | Scout Tower |
| 7:41 | Scout Tower |
| 7:44 | Peasant |
| 7:44 | Peasant |
| 8:07 | Arcane Tower |
| 8:20 | Scout Tower |
| 8:23 | Scout Tower |
| 8:27 | Scout Tower |
| 8:31 | Guard Tower |
| 8:34 | Farm |
| 8:37 | Scout Tower |
| 8:39 | Peasant |
| 8:39 | Peasant |
| 8:44 | Boots of Speed |
| 9:29 | Mortar Team |
| 9:37 | Town Hall |
| 9:58 | Arcane Tower |
| 10:07 | Castle |
| 10:20 | Holy Light |
| 10:53 | Cannon Tower |
| 10:55 | Cannon Tower |
| 10:56 | Cannon Tower |
| 10:59 | Staff of Teleportation |
| 11:02 | Potion of Invisibility |
| 11:10 | Workshop |
| 11:22 | Scout Tower |
| 11:27 | Scout Tower |
| 11:30 | Scout Tower |
| 11:33 | Scout Tower |
| 11:35 | Scout Tower |
| 11:36 | Scout Tower |
| 11:37 | Scout Tower |
| 11:38 | Scout Tower |
| 11:39 | Peasant |
| 11:45 | Scroll of Regeneration |
| 11:55 | Mortar Team |
| 12:03 | Scout Tower |
| 12:03 | Scout Tower |
| 12:04 | Scout Tower |
| 12:04 | Scout Tower |
| 12:06 | Scout Tower |
| 12:06 | Scout Tower |
| 12:33 | Scout Tower |
| 12:34 | Scout Tower |
| 12:35 | Scout Tower |
| 12:38 | Scroll of Regeneration |
| 12:42 | Improved Masonry |
| 12:46 | Scout Tower |
| 12:48 | Scout Tower |
| 12:49 | Scout Tower |
| 12:50 | Scout Tower |
| 13:04 | Fragmentation Shards |
| 13:06 | Flak Cannons |
| 13:15 | Arcane Tower |
| 13:30 | Potion of Mana |
| 13:31 | Potion of Healing |
| 13:40 | Cannon Tower |
| 13:41 | Cannon Tower |
| 14:18 | Arcane Vault |
| 14:42 | Potion of Lesser Invulnerability |
| 14:42 | Potion of Invisibility |
| 14:58 | Potion of Healing |
| 15:00 | Potion of Mana |
| 15:02 | Potion of Healing |
| 15:28 | Divine Shield |
| 15:45 | Arcane Tower |
| 15:57 | Mortar Team |
| 16:10 | Scroll of Regeneration |
| 16:11 | Lesser Clarity Potion |
| 16:13 | Potion of Healing |
| 16:13 | Potion of Mana |
| 16:58 | Holy Light |
| 17:27 | Mortar Team |
| 17:33 | Scout Tower |
| 17:33 | Scout Tower |
| 17:33 | Scout Tower |
| 17:48 | Arcane Vault |
| 17:54 | Cannon Tower |
| 17:55 | Cannon Tower |
| 18:00 | Peasant |
| 18:00 | Peasant |
| 18:00 | Peasant |
| 18:03 | Flying Machine |
| 18:14 | Arcane Vault |
| 18:26 | Scroll of Regeneration |
| 18:26 | Lesser Clarity Potion |
| 18:29 | Peasant |
| 18:29 | Peasant |
| 18:29 | Peasant |
| 18:31 | Potion of Healing |
| 18:32 | Potion of Mana |
| 18:43 | Peasant |
| 19:01 | Scout Tower |
| 19:01 | Scout Tower |
| 19:01 | Scout Tower |
| 19:03 | Scout Tower |
| 19:03 | Scout Tower |
| 19:08 | Peasant |
| 19:08 | Peasant |
| 19:46 | Cannon Tower |
| 19:50 | Guard Tower |
| 19:54 | Scroll of Healing |
| 19:55 | Scroll of Town Portal |
| 19:56 | Potion of Lesser Invulnerability |
| 20:36 | Resurrection |
| 20:58 | Cannon Tower |
| 21:00 | Arcane Tower |
| 21:03 | Arcane Vault |
| 21:04 | Arcane Vault |
| 21:05 | Arcane Vault |
| 21:08 | Flying Machine |
| 21:15 | Advanced Lumber Harvesting |
| 21:16 | Advanced Masonry |
| 21:22 | Guard Tower |
| 21:27 | Arcane Tower |
| 21:31 | Guard Tower |
| 21:32 | Guard Tower |
| 21:43 | Flying Machine |
| 22:13 | Workshop |
| 22:19 | Flying Machine |
| 22:30 | Lesser Clarity Potion |
| 22:34 | Lesser Clarity Potion |
| 22:55 | Mortar Team |
| 23:01 | Potion of Invisibility |
| 23:11 | Black Gunpowder |
| 23:47 | Flying Machine |
| 24:00 | Potion of Mana |
| 24:13 | Orb of Fire |
| 24:19 | Lesser Clarity Potion |
| 24:21 | Potion of Mana |
| 24:23 | Scroll of Regeneration |
| 24:31 | Flying Machine |
| 24:33 | Imbued Masonry |
| 24:39 | Scout Tower |
| 24:40 | Scout Tower |
| 24:41 | Scout Tower |
| 24:42 | Scout Tower |
| 25:01 | Arcane Sanctum |
| 25:04 | Potion of Invisibility |
| 25:14 | Flying Machine |
| 25:15 | Flying Machine |
| 25:17 | Potion of Lesser Invulnerability |
| 25:27 | Flare |
| 25:27 | Mortar Team |
| 25:54 | Guard Tower |
| 26:22 | Flying Machine |
| 26:22 | Flying Machine |
| 26:40 | Divine Shield |
| 26:57 | Flying Machine |
| 26:58 | Flying Machine |
| 26:58 | Flying Machine |
| 27:06 | Potion of Mana |
| 27:18 | Potion of Healing |
| 28:01 | Potion of Invisibility |
| 28:21 | Potion of Mana |
| 28:22 | Potion of Healing |
| 28:56 | Lesser Clarity Potion |
| 28:56 | Scroll of Regeneration |
| 29:07 | Flying Machine |
| 29:09 | Refined Gunpowder |
| 29:20 | Arcane Tower |
| 30:17 | Mortar Team |
| 30:23 | Sorceress Adept Training |
| 30:31 | Sorceress |
| 31:16 | Potion of Healing |
| 31:17 | Potion of Mana |
| 31:34 | Farm |
| 31:58 | Farm |
| 32:26 | Mortar Team |
| 33:04 | Imbued Gunpowder |
| 46:37 | Potion of Invulnerability |
| 46:48 | Ring of Protection +4 |
| 46:59 | Ring of Protection +3 |
| 49:26 | Potion of Lesser Invulnerability |
| Right click | 1531 |
| Select | 663 |
| Build/train/purchase | 232 |
| Select group | 87 |
| Chat | 75 |
| Use ability | 74 |
| Assign group | 24 |
| Misc. action | 17 |
| Item give/drop | 7 |
| Esc | 5 |